 Dungeon Crawl Stone Soup version 0.22.0-38-g04b72b8 (webtiles) character file.

7957 Fuodd the Cleaver (level 11, -3/95 HPs)
             Began as a Hill Orc Fighter on Aug 29, 2018.
             Was a Priest of Beogh.
             Slain by an orc warrior
             ... wielding a +0 short sword
              (12 damage)
             ... on level 9 of the Dungeon.
             The game lasted 01:05:04 (14112 turns).

Fuodd the Cleaver (Hill Orc Fighter)               Turns: 14112, Time: 01:05:04

Health: -3/95      AC: 13    Str: 23    XL:     11   Next: 23%
Magic:  20/20      EV:  7    Int:  8    God:    Beogh [***...]
Gold:   693        SH: 11    Dex: 10    Spells: 10/10 levels left

rFire    + + .     SeeInvis .   a - +0 war axe
rCold    . . .     Gourm    .   c - +0 shield
rNeg     . . .     Faith    .   u - +0 chain mail of the Ward {rF++ MP+9}
rPois    .         Spirit   .   t - +0 helmet
rElec    .         Reflect  .   (no cloak)
rCorr    .         Harm     .   j - +0 pair of gloves
MR       .....                  (no boots)
Stlth    ..........             (no amulet)
HPRegen  0.25/turn              w - ring of wizardry
MPRegen  0.17/turn              (no ring)

@: slowed, drained, very slow
A: no striking features
a: Smiting, Renounce Religion


You were on level 9 of the Dungeon.
You worshipped Beogh.
Beogh was most pleased with you.
You were very hungry.

You visited 2 branches of the dungeon, and saw 11 of its levels.

You collected 693 gold pieces.

Inventory:

Hand Weapons
 a - a +0 war axe (weapon)
 i - a +2 falchion of holy wrath
 o - a +1 mace of draining
Armour
 b - a +0 plate armour
 c - a +0 shield (worn)
 j - a +0 pair of gloves (worn)
 t - a +0 helmet (worn)
 u - the +0 chain mail of the Ward (worn) {rF++ MP+9}
   (You found it on level 4 of the Dungeon)

   It greatly protects you from fire.
   It affects your magic capacity (+9).
 D - +0 steam dragon scales
 L - a +2 chain mail of fire resistance
 N - the cursed +0 scale mail of Quneri {+Inv rF+ Int+4, unknown}
   (You found it on level 9 of the Dungeon)

   It affects your intelligence (+4).
   It protects you from fire.
   It lets you turn invisible.
   It has a curse placed upon it.
 W - a cursed +0 ring mail
 Y - a +0 ring mail of fire resistance
Jewellery
 w - a ring of wizardry (left hand)
 K - a cursed -6 ring of protection {unknown}
 P - an uncursed ring of magical power {unknown}
 V - a cursed ring of teleportation {unknown}
Wands
 g - a wand of digging (17)
 v - a wand of random effects (73)
 B - a wand of flame (19)
 E - a wand of disintegration (12)
 J - a wand of iceblast (9)
 T - a wand of paralysis (19)
Scrolls
 m - a scroll of silence {unknown}
 n - 6 scrolls of remove curse
 p - 2 scrolls of random uselessness {unknown}
 x - 2 scrolls of magic mapping {unknown}
 y - a scroll of blinking {unknown}
 z - a scroll of noise {unknown}
 F - a scroll of fog {unknown}
 G - 2 scrolls of identify
 H - a scroll of immolation {unknown}
 I - a scroll of brand weapon {unknown}
 M - 2 scrolls of enchant armour {unknown}
 Q - a scroll of amnesia {unknown}
 R - a scroll of holy word {unknown}
 S - 2 scrolls of enchant weapon {unknown}
 X - a scroll of fear {unknown}
Potions
 d - 2 potions of might
 e - 11 potions of curing
 h - a potion of haste {unknown}
 k - 3 potions of mutation
 l - 2 potions of flight
 q - 4 potions of agility
 r - 4 potions of lignification
 s - 2 potions of invisibility {unknown}
 A - a potion of heal wounds {unknown}
 C - a potion of resistance
 U - 2 potions of brilliance {unknown}
Miscellaneous
 O - a sack of spiders
Comestibles
 f - 24 rations


   Skills:
 + Level 8.7(7.4) Fighting
 + Level 13.5(12.0) Axes
 + Level 9.3(8.0) Armour
 + Level 2.5(1.4) Dodging
 + Level 1.3(0.3) Stealth
 + Level 9.2(7.9) Shields


You had 10 spell levels left.
You didn't know any spells.
Your spell library contained the following spells:

 Spells                   Type           Power        Failure   Level  Hunger
 Beastly Appendage        Tmut           #.....       92%         1    ##.....
 Sandblast                Erth           #.....       92%         1    ##.....
 Sting                    Conj/Pois      #...         92%         1    ##.....
 Passwall                 Tmut/Erth      #.......     98%         2    ###....
 Poisonous Vapours        Pois/Air       #.....       98%         2    ###....
 Sticks to Snakes         Tmut           #.......     98%         2    ###....
 Mephitic Cloud           Conj/Pois/Air  #.......     100%        3    ####...
 Spider Form              Tmut/Pois      #.........   100%        3    ####...
 Stone Arrow              Conj/Erth      #.....       100%        3    ####...
 Ice Form                 Ice/Tmut       #.......     100%        4    #####..
 Olgreb's Toxic Radiance  Pois           #.......     100%        4    #####..
 Petrify                  Tmut/Erth      #.......     100%        4    #####..
 Blade Hands              Tmut           #.........   100%        5    ######.
 Lee's Rapid Deconstruct  Erth           #.........   100%        5    ######.
 Venom Bolt               Conj/Pois      #.........   100%        5    ######.


Dungeon Overview and Level Annotations

Branches:
Dungeon (10/15)            Temple (1/1) D:7            Lair (0/6) D:9
    Orc (0/2) D:10

Altars:
Ashenzari
Cheibriados
Dithmenos
Elyvilon
Fedhas
Gozag
Hepliaklqana
Kikubaaqudgha
Makhleb
Nemelex Xobeh
Okawaru
Qazlal
Ru
Sif Muna
Trog
Uskayaw
Vehumet
Wu Jian
Xom
Yredelemnul
Zin
The Shining One

Shops:
D:7 [


Message History

The wraith hits you but does no damage. You block the orc warrior's attack.
The wraith barely misses you. The wraith hits you.
* * * LOW HITPOINT WARNING * * *
The wraith drains your vigour!
You feel as though you will be slow longer.
The wraith barely misses you.
The orc warrior hits you with a short sword.
* * * LOW HITPOINT WARNING * * *
The wraith hits you but does no damage. You block the orc warrior's attack.
Okay, then.
You closely miss the orc warrior.
The orc warrior is severely wounded.
You block the orc warrior's attack.
You hit the orc warrior.
The orc warrior is almost dead.
The orc warrior hits you with a short sword!
You die...
Beogh appreciates the orc warrior's killing of a heretic priest.

..# #........# #.........# ..#
##......## ##.........# ..#
#......## #..........# .###
##......# ##....(....## ...###
##......## #..........#
.....###...##.## ##.........##
...........#### #.........####
..........#########W.......#...#
................@oWW>.........##
....###...############...######
..### ##..)# ##### ### #...# #
#...# ##..## #...# #...# ####
##..#


You could see 3 wraiths and an orc warrior.

Vanquished Creatures
  Josephine (D:10)
  Pikel (D:8)
  An ugly thing (D:10)
  A gargoyle (D:10)
  A hornet (D:10)
  Prince Ribbit (D:8)
  A wyvern (D:9)
  2 fire bats (D:4)
  Eustachio (D:6)
  A human (D:7)
  4 hogs (D:7)
  A steam dragon (D:8)
  Duvessa (D:7)
  4 orc warriors
  A water moccasin (D:9)
  3 ice beasts
  A sky beast (D:5)
  A black bear (D:8)
  A necrophage (D:7)
  5 ogres
  2 phantoms
  3 centaurs
  4 big kobolds
  5 bullfrogs
  A jelly (D:10)
  Dowan (D:7)
  3 scorpions
  6 killer bees
  4 howler monkeys
  3 crimson imps
  5 hounds
  8 orc wizards
  2 bullfrog skeletons
  3 orc priests (D:10)
  2 iguanas (D:7)
  5 worker ants
  2 worker ant zombies
  Robin (D:2)
  2 howler monkey skeletons
  14 adders
  2 shadow imps (D:8)
  4 oozes
  An adder zombie (D:8)
  3 worms
  3 dart slugs
  5 leopard geckos
  14 orcs
  3 giant cockroaches
  16 goblins
  7 hobgoblins
  15 jackals
  5 quokkas
  3 ball pythons
  11 bats
  5 frilled lizards
  A jackal skeleton (D:4)
  A jackal zombie (D:5)
  19 kobolds
  7 rats
234 creatures vanquished.

Vanquished Creatures (others)
  2 orc warriors (D:10)
  An orc priest (D:10)
  A jelly (D:8)
  7 orcs
  A kobold (D:8)
12 creatures vanquished.

Grand Total: 246 creatures vanquished

Notes
Turn   | Place    | Note
-------+----------+-------------------------------------------
     0 | D:1      | Fuodd the Hill Orc Fighter began the quest for the Orb.
     0 | D:1      | Reached XP level 1. HP: 19/19 MP: 1/1
   135 | D:1      | Reached XP level 2. HP: 26/27 MP: 2/2
   546 | D:1      | Reached skill level 3 in Axes
   845 | D:2      | Reached XP level 3. HP: 24/33 MP: 3/3
  1485 | D:2      | Reached skill level 4 in Axes
  1485 | D:2      | Reached XP level 4. HP: 34/40 MP: 4/4
  2136 | D:3      | Noticed Robin
  2176 | D:2      | Reached XP level 5. HP: 18/46 MP: 5/5
  2184 | D:2      | Killed Robin
  2501 | D:3      | Reached skill level 5 in Axes
  3059 | D:4      | Found a transporter.
  3095 | D:4      | Found a transporter.
  3096 | D:4      | Noticed a fire bat
  3096 | D:4      | Noticed a fire bat
  3129 | D:4      | Got a jewelled chain mail
  3307 | D:4      | Reached XP level 6. HP: 40/53 MP: 6/6
  3540 | D:4      | Reached skill level 1 in Dodging
  3542 | D:4      | Found a sacrificial altar of Ru.
  3947 | D:5      | Entered Level 5 of the Dungeon
  4057 | D:5      | Reached skill level 6 in Axes
  4310 | D:5      | Found a sacrificial altar of Ru.
  4342 | D:5      | Noticed a sky beast
  4381 | D:5      | Killed a sky beast
  4381 | D:5      | Reached skill level 5 in Fighting
  4381 | D:5      | Reached XP level 7. HP: 21/61 MP: 7/7
  4740 | D:5      | Reached skill level 7 in Axes
  4753 | D:5      | Reached skill level 1 in Stealth
  5220 | D:6      | Identified the +0 chain mail of the Ward {rF++ MP+9} (You found it on level 4 of the Dungeon)
  5268 | D:6      | Noticed Eustachio
  5308 | D:6      | Killed Eustachio
  5308 | D:6      | Reached skill level 5 in Shields
  5421 | D:6      | Became a worshipper of Beogh the Brigand
  5527 | D:6      | Reached XP level 8. HP: 48/70 MP: 8/8
  5551 | D:6      | Reached skill level 8 in Axes
  6743 | D:6      | Reached skill level 5 in Armour
  7187 | D:7      | Reached skill level 9 in Axes
  7222 | D:7      | Found a staircase to the Ecumenical Temple.
  7234 | Temple   | Entered the Ecumenical Temple
  7416 | D:7      | Reached * piety under Beogh
  7438 | D:7      | Noticed Dowan
  7483 | D:7      | Killed Dowan
  7500 | D:7      | Noticed Duvessa
  7515 | D:7      | Killed Duvessa
  7800 | D:7      | Reached skill level 10 in Axes
  7800 | D:7      | Reached XP level 9. HP: 63/78 MP: 9/9
  8470 | D:7      | Reached skill level 11 in Axes
  8836 | D:7      | Found Rahasua's Armour Boutique.
  9146 | D:8      | Reached ** piety under Beogh
  9357 | D:8      | Reached XP level 10. HP: 79/86 MP: 10/10
  9486 | D:8      | Found a glowing silver altar of Zin.
  9648 | D:8      | Reached skill level 12 in Axes
 10728 | D:8      | Noticed Pikel
 10735 | D:8      | Killed Pikel
 10894 | D:8      | Noticed Prince Ribbit
 11251 | D:9      | Got a smoking scale mail
 11396 | D:8      | Killed Prince Ribbit
 11734 | D:9      | Found a staircase to the Lair.
 12332 | D:10     | Entered Level 10 of the Dungeon
 12332 | D:10     | Noticed a gargoyle
 12487 | D:10     | Noticed a brown ugly thing
 12506 | D:10     | Killed a brown ugly thing
 12506 | D:10     | Reached skill level 13 in Axes
 12657 | D:10     | HP: 3/90 [hornet (2)]
 12660 | D:10     | Reached XP level 11. HP: 7/95 MP: 11/11
 13159 | D:10     | Reached *** piety under Beogh
 13687 | D:10     | Found a staircase to the Orcish Mines.
 13827 | D:10     | Noticed Josephine
 13848 | D:10     | Killed Josephine
 14112 | D:9      | Slain by an orc warrior

Skill      XL: |  1  2  3  4  5  6  7  8  9 10 11 |
---------------+----------------------------------+-----
Fighting       | 4 5 6 7 8 |  8.7
Axes           | 3 4 5 6 7 10 11 13 | 13.5
Shields        | 4 5 6 7 8 9 |  9.2
Armour         | 4 5 7 8 9 |  9.3
Dodging        | 1 2 |  2.5
Stealth        | 1 |  1.3

Action                   |  1- 3 |  4- 6 |  7- 9 | 10-12 || total
-------------------------+-------+-------+-------+-------++-------
Melee: War axe           |   137 |   227 |   379 |   340 ||  1083
Invok: Convert to Beogh  |       |       |     1 |       ||     1
  Use: Scroll            |       |       |     6 |     1 ||     7
       Potion            |       |       |       |     3 ||     3
 Stab: Paralysed         |       |     2 |       |       ||     2
  Eat: Chunk             |     2 |     6 |    11 |     6 ||    25
       Ration            |       |     1 |     2 |     2 ||     5
Armor: Scale mail        |    90 |   142 |    22 |       ||   254
       Chain mail        |       |       |   126 |   117 ||   243
Dodge: Dodged            |    61 |    81 |    78 |    81 ||   301
Block: Shield            |    95 |   128 |   192 |   183 ||   598
